 Dungeon Crawl Stone Soup version 0.32-a0-433-g08bcfe7efd (webtiles) character file.

Game seed: 13548945032556214805

5500 Dittersdorf the Fighter (level 10, -5/66 HPs)
             Began as a Gargoyle Fighter on Feb 22, 2024.
             Was an Initiate of Gozag.
             Killed by divine providence
             ... invoked by an orc priest
              (11 damage)
             ... on level 9 of the Dungeon.
             The game lasted 00:09:11 (8413 turns).

Dittersdorf the Fighter (Gargoyle Fighter)          Turns: 8413, Time: 00:09:12

Health: -5/66      AC: 21    Str: 25    XL:     10   Next: 70%
Magic:  10/10      EV: 10    Int: 11    God:    Gozag
Gold:   1113       SH:  7    Dex: 18    Spells: 9/9 levels left

rFire   . . .        s - +8 hammer "Ogreslayer" {venom, Will+ Dex+3}
rCold   . . .        c - +0 buckler
rNeg    + + .        b - +0 scale mail
rPois   ∞            v - +1 helmet {Int+3}
rElec   +            t - +2 cloak {Will+}
rCorr   .            (no gloves)
SInv    .            (no boots)
Will    ++...        (no amulet) Stlth
                     j - ring of positive energy
HPRegen 0.31/turn    A - +6 ring of dexterity
MPRegen 0.12/turn

%: no passive effects
@: gold aura
A: sickness immunity, AC +7, negative energy resistance 1, electricity
resistance, torment resistance 1, petrification resistance
a: Renounce Religion, Potion Petition, Call Merchant, Bribe Branch


You were on level 9 of the Dungeon.
You worshipped Gozag.
Gozag was most pleased with you.
You visited 1 branch of the dungeon, and saw 9 of its levels.

You collected 1153 gold pieces.
You paid 40 gold pieces to Gozag.

Inventory:

Hand Weapons
 n - a +6 heavy flail
 s - the +8 hammer "Ogreslayer" (weapon) {venom, Will+ Dex+3}
   (You found it on level 3 of the Dungeon)

   Dex+3:     It affects your dexterity (+3).
   Will+:     It increases your willpower.
Missiles
 a - a throwing net
 r - 8 curare-tipped darts (quivered)
Armour
 b - a +0 scale mail (worn)
 c - a +0 buckler (worn)
 t - a +2 cloak of willpower (worn)
 v - a +1 helmet of intelligence (worn)
Magical Staves
 o - a staff of earth
Jewellery
 j - a ring of positive energy (left hand)
 u - a ring of protection from fire
 y - a ring of ice
 A - a +6 ring of dexterity (right hand)
Wands
 i - a wand of flame (39)
Scrolls
 e - 3 scrolls of teleportation
 f - 3 scrolls of fog
 h - 2 scrolls of enchant armour
 k - 2 scrolls of blinking
Potions
 d - 4 potions of might
 g - a potion of brilliance
 l - 3 potions of haste
 m - 3 potions of enlightenment
 p - 3 potions of invisibility
 q - 3 potions of curing
 w - a potion of ambrosia {unknown}
 x - a potion of degeneration {unknown}
 z - a potion of heal wounds {unknown}


   Skills:
 + Level 9.2 Fighting
 + Level 8.1 Maces & Flails
 + Level 9.2 Armour
 + Level 9.2 Shields


You had 9 spell levels left.
You didn't know any spells.
Your spell library contained the following spells:

 Spells                   Type           Power      Damage    Failure   Level
 Ensorcelled Hibernation  Hex/Ice        0%         N/A       77%         2
 Lesser Beckoning         Tloc           0%         N/A       77%         2
 Frozen Ramparts          Ice            0%         1d1       94%         3
 Gell's Gravitas          Tloc           0%         N/A       94%         3
 Passwall                 Erth           0%         N/A       94%         3
 Swiftness                Air            0%         N/A       94%         3
 Teleport Other           Tloc           0%         N/A       94%         3
 Leda's Liquefaction      Alch/Erth      0%         N/A       100%        4
 Petrify                  Alch/Erth      0%         N/A       100%        4
 Metabolic Englaciation   Hex/Ice        0%         N/A       100%        5


Dungeon Overview and Level Annotations

Branches:
Dungeon (9/15)             Temple (0/1) D:6
   Lair: D:8-11         Orc: D:9-12

Altars:
Cheibriados
Dithmenos
Gozag
Hepliaklqana
Kikubaaqudgha
Sif Muna
Uskayaw

Shops:
D:1 [   D:7 :

Annotations:
D:8 1 runed translucent door, zenocrate's ghost, novice TrDe


Innate Abilities, Weirdness & Mutations

You are immune to sickness and miasma.
Your stone body is resilient. (AC +7)
You are immune to poison.
You resist negative energy. (rN+)
You are resistant to electric shocks. (rElec)
You are resistant to unholy torment.
You are immune to petrification.


Message History

The wight is lightly damaged.
You block the wight's attack.
You hit the wight but do no damage.
The wight is lightly damaged.
The wight barely misses you.
You closely miss the wight.
The wight is lightly damaged.
The wight barely misses you.
You closely miss the wight.
The wight is lightly damaged.
The wight hits you with a +2 scimitar!
* * * LOW HITPOINT WARNING * * *
The orc priest looks braver for a moment.
You completely miss the wight.
The wight is lightly damaged.
The wight hits you but does no damage. The wight closely misses you.
You hit the wight but do no damage.
The wight is lightly damaged.
The wight hits you with a +2 scimitar.
* * * LOW HITPOINT WARNING * * *
You thump the wight!
The wight is almost destroyed.
The orc priest miscasts a cantrip.
You block the wight's attack.
You sock the wight!
You destroy the wight!
You barely miss the orc warrior.
The orc priest looks braver for a moment.
The orc warrior barely misses you. The wight hits you but does no damage.
You sock the orc warrior!
The orc warrior is poisoned.
The orc warrior is moderately wounded.
The orc warrior hits you with a +0 dire flail!
* * * LOW HITPOINT WARNING * * *
The wight hits you but does no damage.
You thump the orc warrior!
The orc warrior is severely wounded.
The orc priest invokes the aid of Beogh against you.
Beogh smites you!
You die...
Your body crumbles into a pile of gold.

##.#.## ##.###.##
##.## ##.## #.##
##.# ##.## ##.##
##.###.## ##.#.##
..###########..##
..!#.o..ooozzo@..##
..#...##z##o######
........ #$# ###o.
... #z# ......#.#
#.# .~....#.###.#
§§.....oK.o.#
§~..#.zz#### .
#..z#


You could see an orc warrior (very poisoned), 3 wights, an orc priest and 3
orcs.

Vanquished Creatures
  A two-headed ogre (D:6)
  Sigmund (D:5)
  2 wyverns
  6 yaks (D:8)
  A steam dragon (D:8)
  3 orc warriors
  3 ice beasts
  A black bear (D:5)
  An ogre (D:5)
  A centaur (D:7)
  2 phantoms
  4 kobold brigands
  9 scorpions
  7 wights
  A bombardier beetle (D:4)
  2 howler monkeys
  A gnoll bouda (D:5)
  4 orc priests
  Crazy Yiuf (D:3)
  9 hounds
  5 jellies
  Jessica (D:2)
  Terence (D:2)
  2 iguanas
  7 orc wizards
  4 gnolls (D:5)
  13 adders
  3 white imps
  2 ufetubi (D:7)
  A ribbon worm (D:4)
  4 dart slugs
  22 orcs
  7 ball pythons
  16 bats
  5 endoplasms (D:1)
  7 giant cockroaches
  8 goblins
  9 hobgoblins
  5 jackals
  4 quokkas
  3 frilled lizards
  27 kobolds
  3 rats (D:2)
219 creatures vanquished.

Notes
Turn   | Place    | Note
-------+----------+-------------------------------------------
     0 | D:1      | Dittersdorf the Gargoyle Fighter began the quest for the
                  | Orb.
     0 | D:1      | Reached XP level 1. HP: 14/14 MP: 1/1
   179 | D:1      | Reached XP level 2. HP: 19/19 MP: 2/2
   323 | D:1      | Reached XP level 3. HP: 19/23 MP: 3/3
   509 | D:1      | Found Necosh's Armour Shoppe.
   959 | D:2      | Reached XP level 4. HP: 29/29 MP: 4/4
  1023 | D:2      | Noticed Jessica
  1027 | D:2      | Killed Jessica
  1060 | D:2      | Noticed Terence
  1068 | D:2      | Killed Terence
  1178 | D:2      | Reached XP level 5. HP: 33/33 MP: 5/5
  1902 | D:3      | Found a shimmering blue altar of Sif Muna.
  2235 | D:3      | Reached XP level 6. HP: 39/39 MP: 6/6
  2322 | D:3      | Identified the +8 hammer "Ogreslayer" {venom, Will+ Dex+3}
  2324 | D:3      | Found a runed translucent door.
  2331 | D:3      | Noticed Crazy Yiuf
  2337 | D:3      | Killed Crazy Yiuf
  3197 | D:4      | Found a hazy altar of Hepliaklqana.
  3206 | D:4      | Reached skill level 5 in Fighting
  3275 | D:4      | Reached skill level 5 in Armour
  3275 | D:4      | Reached skill level 5 in Shields
  3327 | D:4      | Reached XP level 7. HP: 44/44 MP: 7/7
  3393 | D:4      | Found an opulent altar of Gozag.
  3411 | D:4      | Became a worshipper of Gozag Ym Sagoz the Greedy
  3685 | D:4      | Found a hide-covered altar of Uskayaw.
  3861 | D:5      | Entered Level 5 of the Dungeon
  4382 | D:5      | Noticed Sigmund
  4393 | D:5      | Killed Sigmund
  4394 | D:5      | Reached XP level 8. HP: 44/51 MP: 8/8
  4604 | D:5      | Reached skill level 5 in Maces & Flails
  4630 | D:5      | Found a snail-covered altar of Cheibriados.
  4921 | D:6      | Noticed a two-headed ogre
  4928 | D:6      | Killed a two-headed ogre
  4929 | D:6      | Reached XP level 9. HP: 35/57 MP: 9/9
  5262 | D:6      | Found the +2 ratskin cloak {*Rats rPois rN+ Str-1 Int-1
                  | Dex+1}
  5280 | D:6      | Identified the +1 hand axe "Motora" {flame, rPois rF+++ rC-
                  | rCorr}
  5331 | D:6      | Found a staircase to the Ecumenical Temple.
  5585 | D:6      | Found a shadowy altar of Dithmenos.
  6054 | D:7      | Identified the +6 sling "Giolek" {drain, Int+3 Dex+5}
  6662 | D:7      | Found Juut's Book Boutique.
  6702 | D:7      | Reached XP level 10. HP: 43/64 MP: 10/10
  7233 | D:8      | Found an ancient bone altar of Kikubaaqudgha.
  7926 | D:8      | Found a runed translucent door.
  7931 | D:8      | Noticed zenocrate's ghost (novice TrDe)
  7932 | D:8      | Identified the +9 trident "Xelue" {drain, rCorr Stlth+}
  8413 | D:9      | Killed from afar by an orc priest

Illustrated notes

Levels and vault maps discovered:
D:1:      lightli_molten_gateway, layout_loops_ring, serial_shops,
          nicolae_shop_trees
D:2:      layout_loops_ring, uniq_terence, uniq_jessica
D:3:      layout_loops_ring, led_sif_book, uniq_crazy_yiuf_cottage
D:4:      layout_layer_cave, nicolae_gozag_cash_rules_everything_around_me,
          marbit_many_paths, nicolae_overflow_hidden_temple,
          kennysheep_generic_room_6
D:5:      layout_basic, kennysheep_slug_shrine, uniq_sigmund
D:6:      layout_loops_ring, amcnicky_altar_gilded,
          minmay_temple_entry_overgrown
D:7:      old_forge, layout_loops_ring, nicolae_take_the_stairs,
          kennysheep_small_square
D:8:      layout_cave_pods, nicolae_overflow_crystal_walls,
          ebering_ghost_funeral_grove, minivault_27
D:9:      layout_loops_cross, nicolae_qazlal_scattered_showers,
          grunt_temple_overflow_open, david_orc_2

Skill      XL: |  1  2  3  4  5  6  7  8  9 10 |
---------------+-------------------------------+-----
Fighting       | 4 5 6 7 8 9 |  9.2
Shields        | 4 5 7 8 9 |  9.2
Armour         | 4 5 7 8 9 |  9.2
Maces & Flails | 3 4 6 7 8 |  8.1

Action                     |  1- 3 |  4- 6 |  7- 9 | 10-12 || total
---------------------------+-------+-------+-------+-------++-------
  Melee: Flail             |   128 |    73 |       |       ||   201
         Mace              |       |    41 |   243 |   145 ||   429
    Use: Scroll            |       |    12 |     5 |     1 ||    18
   Stab: Distracted        |       |       |       |     1 ||     1
 Armour: Scale mail        |   102 |   100 |   214 |   113 ||   529
  Dodge: Dodged            |    68 |    48 |    91 |    40 ||   247
  Block: Buckler           |    34 |    25 |    60 |    31 ||   150

Table legend: (Time is in decaauts)
 A = Elapsed time spent in this place.
 B = Non-inter-level travel time spent in this place.
 C = Inter-level travel time spent in this place.
 D = Time resting spent in this place.
 E = Time spent auto-exploring this place.
 F = Levels seen in this place.
 G = Mean time per level.
                   A        B        C        D        E       F      G
               +--------+--------+--------+--------+--------+-----+--------+
         Total |   8562 |   8003 |    559 |    769 |   5637 |   9 |  951.3 |
       Dungeon |   8562 |   8003 |    559 |    769 |   5637 |   9 |  951.3 |
               +--------+--------+--------+--------+--------+-----+--------+

Top non-repeatable levels by time:
     D:7: 1379 daAuts
     D:4: 1251 daAuts
     D:8: 1173 daAuts
     D:5: 1058 daAuts
     D:3: 962 daAuts
     D:2: 936 daAuts
     D:1: 865 daAuts
     D:6: 824 daAuts
     D:9: 110 daAuts
